 Dungeon Crawl Stone Soup version 0.22.1-2-g9c5b331 (webtiles) character file.

44 dunadhaigh the Magician (level 3, -2/19 HPs)
             Began as a Deep Elf Wizard on Dec 9, 2018.
             Was an Initiate of Kikubaaqudgha.
             Slain by a hobgoblin
             ... wielding a +0 club
             ... led by Robin
              (7 damage)
             ... on level 2 of the Dungeon.
             The game lasted 00:45:23 (1465 turns).

dunadhaigh the Magician (Deep Elf Wizard)           Turns: 1465, Time: 00:45:24

Health: -2/19      AC:  2    Str:  4    XL:     3   Next: 39%
Magic:  0/11       EV: 13    Int: 23    God:    Kikubaaqudgha [......]
Gold:   71         SH:  0    Dex: 13    Spells: 4/11 levels left

rFire    . . .     SeeInvis .   (no weapon)
rCold    . . .     Gourm    .   (no shield)
rNeg     . . .     Faith    .   a - +0 robe
rPois    .         Spirit   .   b - +0 hat
rElec    .         Reflect  .   (no cloak)
rCorr    .         Harm     .   (no gloves)
MR       .....                  (no boots)
Stlth    ++........             (no amulet)
HPRegen  0.06/turn              (no ring)
MPRegen  0.12/turn              (no ring)

@: no status effects
A: no striking features
a: Renounce Religion


You were on level 2 of the Dungeon.
You worshipped Kikubaaqudgha.
Kikubaaqudgha was noncommittal.
You were not hungry.

You visited 1 branch of the dungeon, and saw 2 of its levels.

You collected 71 gold pieces.

Inventory:

Hand Weapons
 h - a +1 hunting sling of velocity
Armour
 a - a +0 robe (worn)
 b - a +0 hat (worn)
 n - a +0 robe
Magical Staves
 q - an uncursed staff of earth {unknown}
Jewellery
 i - an uncursed ring of fire {unknown}
 l - a +3 amulet of reflection {unknown}
 p - an uncursed amulet of regeneration {unknown}
Scrolls
 f - a scroll of enchant armour {unknown}
 g - a scroll of teleportation
 m - a scroll of amnesia {unknown}
 o - a scroll of identify {unknown}
Potions
 c - 2 potions of lignification {unknown}
 e - a potion of heal wounds {unknown}
 j - a potion of mutation {unknown}
 k - a potion of ambrosia {unknown}
Comestibles
 d - 5 rations


   Skills:
 + Level 3.0 Dodging
 + Level 3.1 Stealth
 + Level 4.9 Spellcasting
 + Level 1.9 Conjurations
 + Level 1.3 Summonings
 + Level 1.3 Translocations


You had 4 spell levels left.
You knew the following spells:

 Your Spells              Type           Power        Failure   Level  Hunger
a - Magic Dart            Conj           ##..         4%          1    None
b - Call Imp              Summ           ##......     9%          2    None
c - Blink                 Tloc           N/A          9%          2    None
d - Slow                  Hex            #.......     14%         2    None

Your spell library contained the following spells:

 Spells                   Type           Power        Failure   Level  Hunger
 Conjure Flame            Conj/Fire      ##......     19%         3    ##.....
 Mephitic Cloud           Conj/Pois/Air  #.......     22%         3    ##.....


Dungeon Overview and Level Annotations

Branches:
Dungeon (2/15)

Altars:
Ashenzari
Hepliaklqana
Kikubaaqudgha
Nemelex Xobeh
Vehumet

Annotations:
D:2 Robin


Message History

The goblin goes into a battle-frenzy!
The hobgoblin no longer looks unusually strong.
Robin throws the goblin at you! The goblin hits you but does no damage.
The goblin closely misses your crimson imp.
The goblin unwields an uncursed dagger.
The goblin wields a hunting sling.
The goblin shoots a sling bullet.
The sling bullet hits you.
* * * LOW HITPOINT WARNING * * *
You see here a sling bullet.
Casting: Blink (safe; 9% risk of failure)
Confirm with . or Enter, or press ? or * to list all spells.
You blink.
The hobgoblin barely misses you. x2
The goblin barely misses your crimson imp.
Your crimson imp blinks!
Robin says, "My army is invincible!"
Robin roars a battlecry!
The hobgoblin goes into a battle-frenzy!
The goblin no longer looks unusually strong.
The goblin hits you but does no damage. The hobgoblin hits you with a club!
You die...
Kikubaaqudgha rasps: "You have failed me!
Welcome... death!"

# ############### #
#....#5...gg..# #
#....#....ggg§#
#######....#..gg@g.[#
...............rgg§.#
#######....#..g..g..#
....)...............#
#######.....#########
#.....# ..$......#
.......##.. .......#
#.


You could see Robin, 4 hobgoblins, 7 goblins, a rat and a friendly crimson imp.

Vanquished Creatures
  2 dart slugs (D:2)
  A leopard gecko (D:1)
  2 ball pythons (D:1)
  A giant cockroach (D:1)
  6 goblins
  5 hobgoblins
  4 kobolds (D:1)
  7 bats
  2 frilled lizards (D:1)
  4 rats
34 creatures vanquished.

Vanquished Creatures (collateral kills)
  A hobgoblin (D:1)
1 creature vanquished.

Grand Total: 35 creatures vanquished

Notes
Turn   | Place    | Note
-------+----------+-------------------------------------------
     0 | D:1      | dunadhaigh the Deep Elf Wizard began the quest for the Orb.
     0 | D:1      | Reached XP level 1. HP: 10/10 MP: 7/7
   496 | D:1      | Reached XP level 2. HP: 15/15 MP: 6/9
   690 | D:1      | Learned a level 2 spell: Call Imp
   693 | D:1      | Learned a level 2 spell: Blink
   696 | D:1      | Learned a level 2 spell: Slow
   968 | D:1      | Reached XP level 3. HP: 18/19 MP: 4/11
  1355 | D:2      | Found a hazy altar of Hepliaklqana.
  1361 | D:2      | Found a radiant altar of Vehumet.
  1362 | D:2      | Found a shattered altar of Ashenzari.
  1365 | D:2      | Found an ancient bone altar of Kikubaaqudgha.
  1367 | D:2      | Found a sparkling altar of Nemelex Xobeh.
  1390 | D:2      | Became a worshipper of Kikubaaqudgha
  1446 | D:2      | Noticed Robin
  1465 | D:2      | Slain by a hobgoblin

Skill      XL: |  1  2 |
---------------+-------+-----
Stealth        | 3 |  3.1
Dodging        | 3 |  3.0
Spellcasting   | |  4.9
Conjurations   | |  1.9
Summonings     | |  1.3
Translocations | |  1.3

Action                   || total
-------------------------++-------
Melee: Unarmed           ||     3
 Cast: Magic Dart        ||    82
       Call Imp          ||     2
       Blink             ||     2
  Use: Scroll            ||     1
  Eat: Ration            ||     1
Armor: Robe              ||     7
Dodge: Dodged            ||    26
